Map: Rhoskallian LE

Players

SgtPepperoni - Winner!

  • Race: Zerg Zerg
  • Spawn Location: 12:00

Sduiliams - Winner!

  • Race: Protoss Protoss
  • League: Diamond
  • Spawn Location: 11:00

qqq

  • Race: Zerg Zerg
  • League: Platinum
  • Spawn Location: 5:00

Massa

  • Race: Terran Terran
  • League: Gold
  • Spawn Location: 6:00

VOD

Have the link to the VOD?

Description

Time

  • Played on: May 20, 2020, 6:32 a.m.
  • Length: 5:20
Show
View Real Time Build Order
Export as new Build Order

SgtPepperoni Zerg - Winner!

Build Orders: Hatch First 

Get SALT Encoding   

  12  0:01  Drone  
  13  0:09  Drone  
  14  0:33  Overlord  
  14  0:42  Hatchery  
  13  0:46  Drone  
  14  0:53  Overlord  
  14  0:58  Drone  
  14  1:01  Drone  
  16  1:16  Drone  
  17  1:23  Spawning Pool  
  16  1:28  Extractor  
  16  1:29  Drone  
  16  1:43  Drone x2  
  18  1:51  Drone  
  19  1:54  Overlord  
  19  2:10  Drone x2  
  19  2:12  Queen x2  
  25  2:17  Zergling x2  
  25  2:19  Zergling x2  
  27  2:27  Baneling Nest  
  27  2:29  Drone  
  27  2:33  Drone  
  27  2:36  Zergling x2  
  29  2:39  Drone  
  30  3:01  Drone x2  
  30  3:02  Zergling x4  
  30  3:03  Metabolic Boost  
  34  3:10  Baneling  
  34  3:15  Baneling  
  34  3:23  Drone  
  34  3:24  Drone, Zergling x4  
  38  3:28  Baneling  
  38  3:33  Drone x6  
  44  3:39  Extractor  
  43  3:45  Drone  
  44  3:52  Drone, Roach Warren  
  44  3:55  Overlord x2  
  44  4:06  Baneling  
  44  4:08  Baneling  
  44  4:13  Zergling x14  
  51  4:18  Queen x2  
Show
View Real Time Build Order
Export as new Build Order

Sduiliams Protoss - Winner!

Build Orders: Blink Stalkers 

Get SALT Encoding   

  12  0:00  Probe  
  13  0:13  Probe  
  14  0:18  Pylon  
  14  0:25  Probe  
  15  0:37  Probe  
  16  0:43  Gateway  
  16  0:49  Probe  
  17  1:01  Probe  
  18  1:05  Assimilator  
  18  1:13  Probe  
  19  1:23  Pylon  
  19  1:24  Assimilator  
  19  1:25  Probe (Chrono Boost)  
  20  1:33  Cybernetics Core  
  20  1:37  Probe (Chrono Boost)  
  21  1:46  Probe (Chrono Boost)  
  22  1:50  Gateway  
  22  1:52  Probe  
  23  2:02  Pylon  
  23  2:04  Probe  
  24  2:10  Twilight Council  
  24  2:14  Warp Gate  
  24  2:20  Probe  
  25  2:36  Stalker  
  27  2:39  Pylon  
  27  2:41  Pylon  
  27  2:45  Gateway  
  27  2:49  Stalker  
  29  2:54  Blink (Chrono Boost)  
  29  3:13  Probe  
  29  3:16  Stalker  
  32  3:21  Stalker  
  34  3:29  Probe  
  35  3:35  Stalker  
  35  3:41  Probe  
  42  4:05  Probe  
  39  4:17  Probe  
  40  4:24  Stalker x2  
  40  4:25  Stalker  
  46  4:31  Probe  
  47  4:43  Probe  
  48  4:55  Probe  
  49  5:08  Probe  
  50  5:15  Stalker x2  
Show
View Real Time Build Order
Export as new Build Order

qqq Zerg 

Build Orders: 3 Hatch before Pool 

Get SALT Encoding   

  12  0:01  Drone  
  13  0:10  Drone  
  14  0:38  Hatchery  
  13  1:15  Hatchery  
  12  1:23  Spawning Pool  
  11  1:31  Overlord  
  11  1:36  Drone  
  11  1:39  Drone  
  13  1:47  Drone  
  13  1:50  Extractor  
  13  1:55  Drone  
  14  2:04  Drone  
  14  2:05  Drone  
  16  2:10  Drone  
  16  2:15  Drone  
  18  2:16  Drone  
  19  2:29  Queen  
  21  2:40  Roach Warren  
  21  2:43  Drone  
  21  2:46  Drone  
  22  2:51  Drone  
  23  2:59  Drone  
  23  3:04  Overlord  
  24  3:06  Drone  
  25  3:19  Overlord  
  25  3:20  Drone x3  
  25  3:25  Metabolic Boost  
  28  3:30  Zergling x2  
  28  3:32  Roach  
  31  3:38  Zergling x2  
  32  3:41  Zergling x2  
  32  3:43  Zergling x2  
  32  3:45  Roach  
  32  3:47  Drone  
  37  3:53  Lair  
  37  3:57  Overlord  
  37  4:06  Queen  
  39  4:11  Roach  
  39  4:12  Zergling x2  
  39  4:15  Overlord  
  42  4:17  Drone  
  33  4:46  Roach x3  
  33  4:48  Drone x3  
  37  4:55  Roach x3  
Show
View Real Time Build Order
Export as new Build Order

Massa Terran 

Build Orders:  

Get SALT Encoding   

  12  0:11  Supply Depot  
  12  0:13  SCV  
  13  0:25  SCV  
  14  0:38  SCV  
  14  0:40  Barracks  
  15  0:48  Refinery  
  15  0:51  SCV  
  16  1:03  SCV  
  17  1:15  SCV  
  18  1:27  Supply Depot, SCV  
  19  1:47  Marine  
  20  1:59  Barracks  
  20  2:02  SCV  
  20  2:05  Marine  
  22  2:14  SCV  
  23  2:19  Command Center  
  23  2:26  SCV  
  23  2:27  Barracks Tech Lab  
  24  2:40  Orbital Command  
  24  2:45  Engineering Bay  
  23  2:55  Factory  
  23  3:13  SCV  
  24  3:25  SCV  
  25  3:34  SCV  
  25  3:37  SCV  
  29  3:41  Marauder  
  29  3:42  Factory Tech Lab  
  29  3:46  SCV  
  30  3:49  Missile Turret, SCV  
  31  3:57  Starport  
  31  3:58  SCV  
  31  3:59  Refinery  
  31  4:01  SCV  
  31  4:02  Marauder  
  35  4:09  Missile Turret  
  35  4:10  SCV  
  35  4:13  SCV  
  37  4:17  Barracks Reactor  
  37  4:24  Marauder  
  39  4:29  Missile Turret  
  39  4:50  Marauder  
  42  5:15  Barracks  
  42  5:18  Barracks  
Tags
 
Add a new tag
Caveats
  • Supply blocks, unpowered buildings, or Contaminate may cause inaccurate times.
  • Supply counts are checked every 10 seconds.